 Dungeon Crawl Stone Soup version 0.23.2-30-g0e89c35649 (webtiles) character file.

Game seed: 5508391489222789780

160 EcosseEcosse the Covered (level 5, -4/46 HPs)
             Began as a Minotaur Fighter on June 23, 2019.
             Was a Follower of Makhleb.
             Slain by an ice beast (8 damage)
             ... on level 2 of the Dungeon.
             The game lasted 00:05:55 (1661 turns).

EcosseEcosse the Covered (Minotaur Fighter)         Turns: 1661, Time: 00:05:56

Health: -4/46      AC:  7    Str: 20    XL:     5   Next: 17%
Magic:  4/4        EV:  8    Int:  5    God:    Makhleb [*.....]
Gold:   118        SH:  9    Dex: 11    Spells: 4/4 levels left

rFire    . . .     SeeInvis .   a - +0 war axe
rCold    . . .     Gourm    .   c - +0 shield
rNeg     . . .     Faith    .   b - +0 scale mail
rPois    .         Spirit   .   (helmet restricted)
rElec    .         Reflect  .   (no cloak)
rCorr    .         Harm     .   (no gloves)
MR       .....                  (no boots)
Stlth    ..........             (no amulet)
HPRegen  0.15/turn              (no ring)
MPRegen  0.09/turn              (no ring)

@: no status effects
A: retaliatory headbutt, horns 2
a: Renounce Religion


You were on level 2 of the Dungeon.
You worshipped Makhleb.
Makhleb was aware of your devotion.
You were not hungry.

You visited 1 branch of the dungeon, and saw 3 of its levels.

You collected 118 gold pieces.

Inventory:

Hand Weapons
 a - a +0 war axe (weapon)
Armour
 b - a +0 scale mail (worn)
 c - a +0 shield (worn)
 r - +0 fire dragon scales
Scrolls
 h - 2 scrolls of identify
 i - a scroll of amnesia {unknown}
 m - 3 scrolls of teleportation
 o - a scroll of blinking {unknown}
Potions
 d - a potion of might
 e - a potion of degeneration {unknown}
 g - a potion of agility {unknown}
 j - 2 potions of curing {unknown}
 k - a potion of haste {unknown}
 l - a potion of magic {unknown}
 n - a potion of flight {unknown}
 p - a potion of mutation {unknown}
Comestibles
 f - 5 rations


   Skills:
 + Level 4.2 Fighting
 + Level 4.3 Axes
 + Level 4.5 Armour
 + Level 1.5 Dodging
 + Level 4.5 Shields


You had 4 spell levels left.
You didn't know any spells.
Your spell library was empty.

Dungeon Overview and Level Annotations

Branches:
Dungeon (3/15)

Altars:
Makhleb
Wu Jian

Annotations:
D:3 Grinder


Innate Abilities, Weirdness & Mutations

You reflexively headbutt those who attack you in melee.
You have a pair of horns on your head.


Message History

There is a stone staircase leading up here.
You climb upwards.
There is a stone staircase leading down here.
You barely miss the ice beast.
The ice beast is lightly wounded.
You block the ice beast's attack.
The ice beast hits you but does no damage.
You hit the ice beast. Your headbutt misses the ice beast.
The ice beast is moderately wounded.
The ice beast barely misses you.
You barely miss the ice beast.
The ice beast is moderately wounded.
The ice beast hits you. The ice beast freezes you!
* * * LOW HITPOINT WARNING * * *
You hit the ice beast but do no damage.
The ice beast is moderately wounded.
You block the ice beast's attack. The ice beast hits you.
* * * LOW HITPOINT WARNING * * *
The ice beast freezes you!
You die...

<..............#.# #.....
...............#.# #.....
.#######.......#.# #..... ##
#####.........# #..... #
#<............# ######
########.###.....# .......#.#
#.##..#
.......#.###.##.Y########
..††.....##.....@.....#.########
##.....#.####........##........#
##...###.# #.........#........#
.........# #.........#........#
.....###.# ##.........#........#
###.## #.# #..........#........#
#.# #.# #...................#
### #.###.#+########......(.#
#.....#.# #.............#


You could see an ice beast.

Vanquished Creatures
  An orc priest (D:3)
  3 adders
  An ooze (D:3)
  A worm (D:2)
  3 dart slugs (D:1)
  A leopard gecko (D:1)
  10 orcs (D:3)
  3 ball pythons
  5 giant cockroaches
  6 goblins
  6 hobgoblins
  16 jackals
  5 bats (D:1)
  A frilled lizard (D:1)
  4 kobolds (D:1)
  4 rats
70 creatures vanquished.

Notes
Turn   | Place    | Note
-------+----------+-------------------------------------------
     0 | D:1      | EcosseEcosse the Minotaur Fighter began the quest for the
                  | Orb.
     0 | D:1      | Reached XP level 1. HP: 19/19 MP: 0/0
   116 | D:1      | Reached XP level 2. HP: 26/27 MP: 1/1
   402 | D:1      | Reached XP level 3. HP: 32/33 MP: 2/2
   807 | D:2      | Reached skill level 1 in Dodging
   885 | D:2      | Reached XP level 4. HP: 40/40 MP: 3/3
  1234 | D:3      | Found an ornate altar of the Wu Jian Council.
  1492 | D:3      | Reached XP level 5. HP: 26/46 MP: 4/4
  1516 | D:3      | Found a faded altar of an unknown god.
  1543 | D:3      | Became a worshipper of Makhleb the Destroyer
  1543 | D:3      | Reached * piety under Makhleb
  1614 | D:3      | Noticed an ice beast
  1615 | D:3      | Noticed Grinder
  1621 | D:3      | Paralysed by Grinder for 2 turns
  1661 | D:2      | Slain by an ice beast

Skill      XL: |  1  2  3  4 |
---------------+-------------+-----
Armour         | 4 |  4.5
Shields        | 4 |  4.5
Fighting       | 4 |  4.2
Dodging        | 1 |  1.5
Axes           | 3 4 |  4.3

Action                   |  1- 3 |  4- 6 || total
-------------------------+-------+-------++-------
Melee: War axe           |    89 |    60 ||   149
       Headbutt          |    16 |     8 ||    24
  Use: Scroll            |     1 |     1 ||     2
  Eat: Chunk             |       |     3 ||     3
Armor: Scale mail        |    52 |    30 ||    82
Dodge: Dodged            |    36 |    27 ||    63
Block: Shield            |    40 |    47 ||    87
